 Dungeon Crawl Stone Soup version 0.30-a0-187-gd9c2deaf24 (webtiles) character file.

Game seed: 14121122453990021080

6678 Flugkiller the Slicer (level 10, 0/77 HPs)
             Began as a Mummy Delver on Oct 3, 2022.
             Was a High Priest of Uskayaw.
             Slain by a two-headed ogre
             ... wielding a +0 dire flail
              (18 damage)
             ... on level 10 of the Dungeon.
             The game lasted 00:11:15 (10200 turns).

Flugkiller the Slicer (Mummy Delver)               Turns: 10200, Time: 00:11:16

Health: 0/77       AC: 14    Str: 15    XL:     10   Next: 73%
Magic:  11/11      EV: 15    Int:  9    God:    Uskayaw [*****.]
Gold:   456        SH:  4    Dex: 21    Spells: 9/9 levels left

rFire   x . .      SeeInvis .    w - +6 long sword "Killer Klown's Peril" {protect, Will+ Dex+2}
rCold   + . .      Faith    +    i - +0 buckler
rNeg    + + +      Spirit   .    b - +0 leather armour
rPois   ∞          Reflect  .    (no helmet)
rElec   .          Harm     .    A - +0 cloak
rCorr   .          Rampage  .    (no gloves)
Will    +++..                    v - +2 pair of boots
Stlth   +++.......               (no amulet)
HPRegen 0.32/turn                m - ring of willpower
MPRegen 0.12/turn                (no ring)

@: under a protective aura
A: cold resistance 1, negative energy resistance 3, torment resistance 2, heat
vulnerability 1, in touch with death 1, no potions, faith
a: Renounce Religion, Stomp, Line Pass, Grand Finale


You were on level 10 of the Dungeon.
You worshipped Uskayaw.
Uskayaw was noncommittal.
You visited 1 branch of the dungeon, and saw 10 of its levels.

You collected 630 gold pieces.
You spent 174 gold pieces at shops.

Inventory:

Hand Weapons
 d - a +0 long sword
   (You found it on level 2 of the Dungeon)
 p - a +2 dagger of draining
   (You took it off an orc wizard on level 5 of the Dungeon)
 q - a +2 short sword of venom
   (You took it off a kobold on level 3 of the Dungeon)
 u - a +3 dagger
   (You took it off an orc on level 4 of the Dungeon)
 w - the +6 long sword "Killer Klown's Peril" (weapon) {protect, Will+ Dex+2}
   (You bought it in a shop on level 6 of the Dungeon)

   It grants its wielder temporary protection when it strikes (+7 to AC).
   Dex:       It affects your dexterity (+2).
   Will:      It increases your willpower.
Missiles
 k - 6 poisoned darts (quivered)
Armour
 b - a +0 leather armour (worn)
 i - a +0 buckler (worn)
   (You found it on level 2 of the Dungeon)
 l - a +0 plate armour
   (You found it on level 2 of the Dungeon)
 v - a +2 pair of boots (worn)
   (You found it on level 4 of the Dungeon)
 A - a +0 cloak (worn)
   (You took it off Crazy Yiuf on level 7 of the Dungeon)
Jewellery
 m - a ring of willpower (left hand)
   (You found it on level 2 of the Dungeon)
 C - a ring of wizardry
   (You found it on level 8 of the Dungeon)
Wands
 f - a wand of digging (3)
 s - a wand of light (8)
   (You found it on level 7 of the Dungeon)
 B - a wand of flame (20)
   (You found it on level 8 of the Dungeon)
 D - a wand of polymorph (3)
   (You found it on level 9 of the Dungeon)
 E - a wand of paralysis (2)
   (You found it on level 9 of the Dungeon)
Scrolls
 a - a scroll of butterflies
 c - a scroll of fog
 e - a scroll of fear
 g - a scroll of poison
 h - 3 scrolls of vulnerability
 j - a scroll of amnesia
 n - a scroll of immolation
 o - a scroll of enchant weapon
 r - 3 scrolls of identify
 t - 5 scrolls of teleportation
 x - a scroll of silence
 y - 2 scrolls of enchant armour
 z - 2 scrolls of blinking


   Skills:
 + Level 6.3 Fighting
 + Level 9.9(10.1) Short Blades
 - Level 2.6(6.8) Long Blades
 + Level 6.2 Dodging
 - Level 4.1 Stealth
 + Level 1.6 Invocations
 - Level 5.0 Evocations


You had 9 spell levels left.
You didn't know any spells.
Your spell library contained the following spells:

 Spells                   Type           Power      Damage    Failure   Level
 Foxfire                  Conj/Fire      0%         2x1d4     56%         1
 Cigotuvi's Dreadful Rot  Necr/Pois/Air  0%         N/A       71%         2
 Poisonous Vapours        Pois/Air       0%         N/A       71%         2
 Gell's Gravitas          Tloc           0%         N/A       91%         3
 Inner Flame              Hex/Fire       0%         N/A       91%         3
 Lesser Beckoning         Tloc           0%         N/A       91%         3
 Teleport Other           Tloc           0%         N/A       91%         3
 Flame Wave               Conj/Fire      0%         2d4       100%        4
 Petrify                  Tmut/Erth      0%         N/A       100%        4
 Sticky Flame             Conj/Fire      0%         2d3       100%        4
 Metabolic Englaciation   Hex/Ice        0%         N/A       100%        5
 Statue Form              Tmut/Erth      Unusable   N/A       N/A         6

Dungeon Overview and Level Annotations

Branches:
Dungeon (10/15) Zot: 26956  Temple (0/1) D:5
   Lair: D:8-11         Orc: D:9-12

Altars:
Cheibriados
Fedhas
Gozag
Nemelex Xobeh
Qazlal
Uskayaw
Vehumet
Xom

Shops:
D:2 (   D:6 [*(*(

Portals:
Bailey: D:10

Annotations:
D:8 3 runed translucent doors, 1984wasawarning's ghost, novice HOMo


Innate Abilities, Weirdness & Mutations

You are immune to poison.
Your flesh is cold resistant. (rC+)
You are immune to negative energy. (rN+++)
You are immune to unholy pain and torment.
You are vulnerable to heat. (rF-)
You are in touch with the powers of death.
You do not drink.
You have a special connection with the divine. (Faith)


Message History

You closely miss the kobold demonologist.
The kobold demonologist is heavily wounded.
The kobold demonologist hits you but does no damage.
You hit the kobold demonologist.
The kobold demonologist is severely wounded.
The kobold demonologist hits you but does no damage.
You hit the kobold demonologist but do no damage.
The kobold demonologist is severely wounded.
The kobold demonologist hits you with a +0 dagger.
You slice the kobold demonologist!!
You kill the kobold demonologist!
You slash the kobold!
You kill the kobold!
Uskayaw will force your foes to helplessly watch your dance.
Uskayaw prepares the audience for your solo!
The helpless kobold fails to defend itself.
You slash the kobold!
You kill the kobold!
No target in view!
No target in view!
No target in view!
No target in view!
No target in view!
Items here: ( ))) [ †††.
A goblin comes into view. x2
The goblin moves out of view.
A goblin is nearby!
A goblin is nearby!
A goblin comes into view.
Found a flagged portal.
The goblin shouts!
The goblin moves out of view.
You strike the helpless goblin from behind!
You slash the goblin!
Your weapon exudes an aura of protection.
You kill the goblin!
You completely miss the goblin. The goblin hits you but does no damage.
You slash the goblin!
You kill the goblin!
A kobold brigand comes into view.
It is wielding a +0 short sword and quivering poisoned darts.
Found 3 stones.
Things that are here:
3 boomerangs; a goblin corpse
Found an escape hatch in the floor.
A goblin comes into view.
The goblin misses you.
The goblin shouts!
The kobold brigand shouts!
You slash the goblin!
You kill the goblin!
The kobold brigand throws a poisoned dart.
The poisoned dart barely misses you.
Uskayaw will force your foes to helplessly watch your dance.
Uskayaw prepares the audience for your solo!
Found a stone staircase leading up.
The goblin is no longer paralysed.
The kobold brigand is no longer paralysed.
A two-headed ogre comes into view.
It is wielding a +0 dire flail and a +0 giant spiked club.
The kobold brigand misses you.
You slash the kobold brigand!
Your weapon exudes an aura of protection.
The kobold brigand is severely wounded.
You block the kobold brigand's attack.
You slash the kobold brigand!
The kobold brigand is almost dead.
The kobold brigand completely misses you.
The goblin throws a boomerang.
The boomerang barely misses you.
Uskayaw will force your foes to share their pain.
Uskayaw links your audience in an emotional bond!
You hit the kobold brigand.
You kill the kobold brigand!
You hit the goblin.
You kill the goblin!
The two-headed ogre misses you.
The two-headed ogre hits you with a +0 giant spiked club!
You slash the two-headed ogre!
The two-headed ogre is moderately wounded.
The two-headed ogre is no longer sharing its pain.
You block the two-headed ogre's attack. x2
You hit the two-headed ogre.
The two-headed ogre is heavily wounded.
You can now merge with and destroy a victim.
You hit the two-headed ogre.
The two-headed ogre is heavily wounded.
The two-headed ogre hits you with a +0 dire flail!
The two-headed ogre hits you with a +0 giant spiked club!
You are too injured to fight recklessly!
You slash the two-headed ogre!
The two-headed ogre is severely wounded.
The two-headed ogre hits you with a +0 dire flail.
The two-headed ogre closely misses you.
You closely miss the two-headed ogre.
The two-headed ogre is severely wounded.
The two-headed ogre hits you with a +0 dire flail!!
* * * LOW HITPOINT WARNING * * *
The two-headed ogre closely misses you.
You slash the two-headed ogre!
The two-headed ogre is almost dead.
You completely miss the two-headed ogre.
The two-headed ogre is almost dead.
The two-headed ogre hits you with a +0 dire flail!!
You die...

######### ####....#..
#>.)....#.# <.##....#.##
.###.......# # ..
#######.#### '#
##.........(..####..####
###########..O@)......
##((......##
....≈≈≈≈≈..#
##...≈..(≈.##
##..~>∩.≈.# ##.≈...≈.#
#.≈≈≈≈≈... #.......#<


You could see a two-headed ogre.

Vanquished Creatures
  Erolcha (D:9)
  A kobold demonologist (D:10)
  2 wyverns
  5 yaks (D:7)
  An acid dragon (D:8)
  A swamp drake (D:9)
  4 water moccasins
  2 sky beasts (D:7)
  An ice beast (D:8)
  2 black bears
  3 ogres
  A wolf (D:8)
  A phantom (D:6)
  5 centaurs
  A kobold brigand (D:10)
  A necrophage (D:6)
  4 bullfrogs
  6 scorpions
  5 gnoll sergeants
  7 wights
  3 killer bees (D:7)
  2 howler monkeys (D:8)
  3 orc priests
  3 gnoll boudas
  7 hounds
  2 jellies (D:4)
  Crazy Yiuf (D:7)
  3 iguanas
  13 orc wizards
  30 gnolls
  9 adders
  2 white imps
  2 dart slugs
  4 worms
  20 orcs
  2 bats
  3 endoplasms
  5 giant cockroaches
  9 goblins
  8 hobgoblins
  A jackal (D:8)
  4 kobolds
  5 quokkas
  9 ball pythons
  4 frilled lizards
  6 rats
214 creatures vanquished.

Notes
Turn   | Place    | Note
-------+----------+-------------------------------------------
     0 | D:5      | Flugkiller the Mummy Delver began the quest for the Orb.
     0 | D:5      | Reached XP level 1. HP: 18/18 MP: 1/1
    31 | D:5      | Noticed an iguana
    43 | D:4      | Noticed a scorpion
    56 | D:4      | Found a hide-covered altar of Uskayaw.
   214 | D:2      | Reached XP level 2. HP: 23/24 MP: 2/2
   335 | D:2      | Found Muow's Antique Weapon Emporium.
   671 | D:1      | Gained mutation: You are in touch with the powers of death.
                  | [Mummy growth]
   671 | D:1      | Reached XP level 3. HP: 29/29 MP: 3/3
  1318 | D:3      | Found a faded altar of an unknown god.
  1538 | D:3      | Found a radiant altar of Vehumet.
  1628 | D:3      | Prayed at the altar of an unknown god.
  1628 | D:3      | Became a worshipper of Uskayaw the Reveller
  1628 | D:3      | Reached * piety under Uskayaw
  1814 | D:3      | Reached XP level 4. HP: 33/35 MP: 4/4
  1827 | D:3      | Reached ** piety under Uskayaw
  2168 | D:4      | Found a sparkling altar of Nemelex Xobeh.
  2174 | D:4      | Reached skill level 1 in Short Blades
  2344 | D:4      | Reached *** piety under Uskayaw
  2413 | D:4      | Reached XP level 5. HP: 38/42 MP: 5/5
  2795 | D:4      | Noticed an ogre
  2945 | D:4      | Reached skill level 2 in Short Blades
  2945 | D:4      | Reached XP level 6. HP: 49/49 MP: 6/6
  3057 | D:4      | Found a stormy altar of Qazlal.
  3106 | D:4      | Found an opulent altar of Gozag.
  3261 | D:4      | Found a snail-covered altar of Cheibriados.
  3582 | D:4      | Reached skill level 5 in Fighting
  3706 | D:4      | Found a shimmering altar of Xom.
  3833 | D:4      | Reached XP level 7. HP: 56/56 MP: 7/7
  4057 | D:5      | Reached skill level 3 in Short Blades
  4257 | D:5      | Found a staircase to the Ecumenical Temple.
  4937 | D:6      | Reached skill level 4 in Short Blades
  5049 | D:6      | Reached XP level 8. HP: 20/64 MP: 8/8
  5051 | D:6      | Reached **** piety under Uskayaw
  5052 | D:6      | Reached skill level 5 in Short Blades
  5323 | D:6      | Found Diraret's Assorted Antiques.
  5328 | D:6      | Bought a scroll labelled FYORY YKKEESSI for 30 gold pieces
  5625 | D:6      | Found Ypoingu's Antique Armour Emporium.
  5726 | D:6      | Found Joqiac's General Store.
  5734 | D:6      | Reached skill level 6 in Short Blades
  6054 | D:6      | Found Darezoig's Antique Weapon Shoppe.
  6057 | D:6      | Bought a bloodstained long sword for 144 gold pieces
  6057 | D:6      | Identified the +6 long sword "Killer Klown's Peril"
                  | {protect, Will+ Dex+2} (You bought it in a shop on level 6
                  | of the Dungeon)
  6165 | D:6      | Found Pumirif's Weapon Shop.
  6342 | D:7      | Reached skill level 7 in Short Blades
  6346 | D:7      | Reached ***** piety under Uskayaw
  6612 | D:7      | Reached XP level 9. HP: 67/69 MP: 9/9
  7021 | D:7      | Found a runed translucent door.
  7022 | D:7      | Noticed Crazy Yiuf
  7071 | D:7      | Reached skill level 5 in Dodging
  7334 | D:7      | Killed Crazy Yiuf
  7382 | D:8      | Found a blossoming altar of Fedhas.
  7382 | D:8      | Found a runed translucent gate.
  7382 | D:8      | Found a runed translucent gate.
  7567 | D:7      | Reached skill level 1 in Evocations
  7593 | D:7      | Reached skill level 8 in Short Blades
  7901 | D:8      | Found a runed translucent gate.
  7943 | D:8      | Reached ****** piety under Uskayaw
  8002 | D:8      | Reached XP level 10. HP: 19/76 MP: 6/10
  8186 | D:8      | Noticed 1984wasawarning's ghost (novice HOMo)
  8747 | D:8      | Reached skill level 9 in Short Blades
  9406 | D:9      | Noticed Erolcha
  9421 | D:9      | Killed Erolcha
  9422 | D:9      | Reached skill level 5 in Evocations
  9764 | D:9      | Reached skill level 1 in Invocations
 10160 | D:10     | Entered Level 10 of the Dungeon
 10179 | D:10     | Found a flagged portal.
 10189 | D:10     | Noticed a two-headed ogre
 10200 | D:10     | Slain by a two-headed ogre

Illustrated notes

Levels and vault maps discovered:
D:1:      tarquinn_simple_flora_water_f, layout_basic
D:2:      kennysheep_six_static_rooms, layout_rooms, serial_shops, shop
D:3:      layout_loops_cross, vehumet_altar_wand_db,
          shapermc_ecumenical_altar_gd, minivault_19, hangedman_feature_mirror,
          minmay_snake_closets
D:4:      layout_rooms, nicolae_gozag_cash_rules_everything_around_me,
          mainiacjoe_overflow_small_starburst, old_standard_altar,
          mainiacjoe_overflow_brackets, mainiacjoe_overflow_catwalk_spiral,
          gup_sewer_entry_bubbles, mrwooster_statue_mirror
D:5:      layout_basic, minmay_temple_entry_tees
D:6:      layout_loops_ring, zin_statuary, serial_shops, kennysheep_little_box,
          shop_fountains, nicolae_square_shop, kennysheep_mini_moat,
          nicolae_square_shop, grunt_ministairs_4
D:7:      layout_loops_corners, uniq_crazy_yiuf_cottage
D:8:      layout_cave_pools, fedhas_bush_and_centaur_altar, serial_gnoll_camp,
          gnoll_camp_huts_basic, gnoll_camp_mini_house,
          gnoll_camp_mini_loothouse, gnoll_camp_mini_hut, gnoll_camp_mini_house,
          ebering_ghost_rock_garden, hex_tiny
D:9:      layout_stronghold, uniq_erolcha
D:10:     layout_rooms, tso_metal_star, mainiacjoe_overflow_divided_tiny,
          enter_bailey_5, kennysheep_big_empty_room

Skill      XL: |  1  2  3  4  5  6  7  8  9 10 |
---------------+-------------------------------+-----
Long Blades    | 2 |  2.6
Dodging        | 2 3 4 6 |  6.2
Short Blades   | 1 2 4 7 8 9 |  9.9
Fighting       | 4 5 6 |  6.3
Evocations     | 3 5 |  5.0
Invocations    | 1 |  1.6
Stealth        | |  4.1

Action                   |  1- 3 |  4- 6 |  7- 9 | 10-12 || total
-------------------------+-------+-------+-------+-------++-------
Melee: Falchion          |     9 |       |       |       ||     9
       Long sword        |   107 |       |   161 |   197 ||   465
       Short sword       |     5 |   144 |   177 |       ||   326
       Dagger            |       |       |     6 |       ||     6
Throw: Dart              |       |       |       |     2 ||     2
Invok: Stomp             |       |     2 |     5 |     3 ||    10
       Line Pass         |       |       |     1 |     1 ||     2
Evoke: Wand              |       |    14 |       |     6 ||    20
  Use: Scroll            |     4 |     4 |     6 |     3 ||    17
 Stab: Sleeping          |     8 |     5 |     4 |     4 ||    21
       Paralysed         |       |     2 |    15 |    18 ||    35
       Distracted        |       |     1 |     1 |     1 ||     3
       Invisible         |       |       |       |     3 ||     3
Armor: Leather armour    |    26 |    17 |   132 |    72 ||   247
Dodge: Dodged            |    92 |    44 |   263 |   171 ||   570
Block: Buckler           |    13 |    20 |    64 |    46 ||   143

Table legend: (Time is in decaauts)
 A = Elapsed time spent in this place.
 B = Non-inter-level travel time spent in this place.
 C = Inter-level travel time spent in this place.
 D = Time resting spent in this place.
 E = Time spent auto-exploring this place.
 F = Levels seen in this place.
 G = Mean time per level.
                   A        B        C        D        E       F      G
               +--------+--------+--------+--------+--------+-----+--------+
         Total |  10282 |   9840 |    442 |   2648 |   4992 |  10 | 1028.2 |
       Dungeon |  10282 |   9840 |    442 |   2648 |   4992 |  10 | 1028.2 |
               +--------+--------+--------+--------+--------+-----+--------+

Top non-repeatable levels by time:
     D:7: 1832 daAuts
     D:3: 1508 daAuts
     D:4: 1399 daAuts
     D:6: 1269 daAuts
     D:8: 1214 daAuts
     D:9: 944 daAuts
     D:5: 921 daAuts
     D:1: 705 daAuts
     D:2: 444 daAuts
    D:10: 42 daAuts
